 Dungeon Crawl Stone Soup version 0.27.1-33-g824d729ab1 (webtiles) character file.

Game seed: 7275928025286011792

93 TheLostOne the Chopper (level 4, -2/40 HPs)
             Began as a Hill Orc Berserker on Nov 26, 2021.
             Was a Believer of Trog.
             Slain by Ijyb (5 damage)
             ... on level 3 of the Dungeon.
             The game lasted 00:24:30 (3226 turns).

TheLostOne the Chopper (Hill Orc Berserker)         Turns: 3226, Time: 00:24:31

Health: -2/40      AC:  5    Str: 20    XL:     4   Next: 62%
Magic:  4/4        EV: 11    Int: 13    God:    Trog [**....]
Gold:   63         SH:  0    Dex: 10    Spells: 3/3 levels left

rFire    . . .     SeeInvis .   a - +0 hand axe
rCold    . . .     Faith    .   (no shield)
rNeg     . . .     Spirit   .   n - +0 ring mail
rPois    .         Reflect  .   (no helmet)
rElec    .         Harm     .   (no cloak)
rCorr    .         Rampage  .   (no gloves)
Will     .....                  (no boots)
Stlth    ..........             (no amulet)
HPRegen  0.13/turn              l - +6 ring of intelligence
MPRegen  0.09/turn              (no ring)

@: confused
A: no striking features
a: Renounce Religion, Berserk, Trog's Hand


You were on level 3 of the Dungeon.
You worshipped Trog.
Trog was pleased with you.
You visited 1 branch of the dungeon, and saw 4 of its levels.

You collected 63 gold pieces.

Inventory:

Hand Weapons
 a - a +0 hand axe (weapon)
Missiles
 c - 188 stones (quivered)
Armour
 n - a +0 ring mail (worn)
Jewellery
 f - a ring of magical power
 l - a +6 ring of intelligence (left hand)
Wands
 m - a wand of digging (4)
Scrolls
 d - a scroll of noise {unknown}
 g - a scroll of identify {unknown}
 i - a scroll of amnesia {unknown}
 k - 2 scrolls of enchant armour {unknown}
Potions
 b - 2 potions of brilliance {unknown}
 e - 2 potions of haste {unknown}
 h - a potion of attraction {unknown}
 j - 2 potions of heal wounds {unknown}


   Skills:
 - Level 3.8 Fighting
 * Level 5.7(6.1) Axes
 - Level 2.7(4.1) Polearms
 - Level 2.2 Armour
 - Level 1.6 Dodging


You had 3 spell levels left.
You didn't know any spells.
Your spell library was empty.

Dungeon Overview and Level Annotations

Branches:
Dungeon (4/15)
 Temple: D:4-7

Altars:
Fedhas
Hepliaklqana
Makhleb
Qazlal

Annotations:
D:3 Ijyb


Message History

Your will is overpowered!
You are confused.
You're too confused to move!
You bump into the rock wall.
Ijyb zaps a wand.
Your will is overpowered!
You are more confused.
You're too confused to move!
Ijyb zaps a wand.
Your will is overpowered!
You are more confused.
You bump into the rock wall.
You're too confused to move!
Ijyb zaps a wand.
Your will is overpowered!
You are more confused.
There is an open door here.
You bump into the rock wall.
Ijyb screams, "It's all mine!"
Ijyb drinks a potion.
Ijyb seems to grow stronger.
Ijyb hits you with a +6 club!
You're too confused to move!
Ijyb misses you.
You miss Ijyb. Ijyb barely misses you.
You are too confused!
You barely miss Ijyb.
Ijyb screams, "Die!"
Ijyb barely misses you.
You hit Ijyb.
Ijyb is lightly wounded.
Ijyb zaps a wand.
Your will is overpowered!
You are more confused.
Ijyb hits you with a +6 club!
You miss Ijyb.
Ijyb is lightly wounded.
Ijyb closely misses you.
You hit Ijyb.
Ijyb is lightly wounded.
Ijyb misses you.
You're too confused to move!
Ijyb screams, "You nasty!
Big nasty!"
Ijyb hits you with a +6 club!
* * * LOW HITPOINT WARNING * * *
You are too confused!
You hit Ijyb but do no damage.
Ijyb is lightly wounded.
Ijyb hits you with a +6 club.
You die...

+..g#.##.....†.........
#.#.#.##............... ..
#.#.##..).....#......
...###.#'##........#.....#
...................# ....#
....##.............# ....##
. +.............# .....
#....g........# ...##
#####....@..#.....#
##...##......#.....# .
##.....##.....#.....# .#+#
#.......#..†..#.....##.... #
#..._.........#............+
#.......#.....#............#
##.....##(..#..............#
##...##.##.#.....†.........
.#####..##.#..........###.#


You could see Ijyb (strong).

Vanquished Creatures
  2 adders
  A dart slug (D:1)
  7 ball pythons
  9 endoplasms
  6 goblins
  7 hobgoblins
  8 jackals
  2 quokkas (D:2)
  7 bats
  2 frilled lizards
  8 kobolds
  4 rats
63 creatures vanquished.

Notes
Turn   | Place    | Note
-------+----------+-------------------------------------------
     0 | D:1      | TheLostOne the Hill Orc Berserker began the quest for the
                  | Orb.
     0 | D:1      | Reached XP level 1. HP: 19/19 MP: 1/1
   812 | D:1      | Reached skill level 1 in Polearms
   812 | D:1      | Reached XP level 2. HP: 27/27 MP: 2/2
  1166 | D:1      | Reached XP level 3. HP: 32/33 MP: 3/3
  2133 | D:2      | Reached ** piety under Trog
  2171 | D:2      | Found a burning altar of Makhleb.
  2603 | D:2      | Reached XP level 4. HP: 38/40 MP: 4/4
  2638 | D:2      | Reached skill level 5 in Axes
  2665 | D:3      | Found a stormy altar of Qazlal.
  2935 | D:3      | Found a hazy altar of Hepliaklqana.
  3064 | D:3      | Found a blossoming altar of Fedhas.
  3196 | D:3      | Noticed Ijyb
  3226 | D:3      | Slain by Ijyb

Illustrated notes

Levels and vault maps discovered:
D:1:      mrwooster_arrival_statue_3, layout_basic
D:2:      layout_basic, basic_altar
D:3:      layout_basic, nicolae_qazlal_general_emergency, lemuel_round_altar,
          nicolae_hepliaklqana_hippocampus, hangedman_abyss_or_decor_stabs,
          minmay_strange_pillars, minmay_cut_off, uniq_ijyb
D:4:      layout_loops_corners, lemuel_doored_altar, overflow_temple_1_default,
          uniq_natasha, uniq_grinder

Skill      XL: |  1  2  3  4 |
---------------+-------------+-----
Polearms       | 1 2 |  2.7
Axes           | 5 |  5.7
Fighting       | |  3.8
Armour         | |  2.2
Dodging        | |  1.6

Action                   |  1- 3 |  4- 6 || total
-------------------------+-------+-------++-------
Melee: Hand axe          |   145 |    76 ||   221
Invok: Berserk           |       |     1 ||     1
       Trog's Hand       |       |     1 ||     1
Armor: Animal skin       |     5 |       ||     5
       Ring mail         |    33 |    59 ||    92
Dodge: Dodged            |    84 |    89 ||   173
